 Dungeon Crawl Stone Soup version 0.28-a0-206-gc2c9e32840 (webtiles) character file.

Game seed: 489033049495940068

2818 theanonym the Slicer (level 9, -1/74 HPs)
             Began as a Mummy Brigand on Aug 20, 2021.
             Was an Initiate of Gozag.
             Killed from afar by a steam dragon (18 damage)
             ... with a ball of steam
             ... on level 6 of the Dungeon.
             The game lasted 00:17:41 (9948 turns).

theanonym the Slicer (Mummy Brigand)                Turns: 9948, Time: 00:17:42

Health: -1/74      AC: 15    Str: 20    XL:     9   Next: 44%
Magic:  9/9        EV:  7    Int: 11    God:    Gozag
Gold:   632        SH:  0    Dex: 19    Spells: 8/8 levels left

rFire   x . .      SeeInvis .   a - +2 rapier
rCold   + + .      Faith    .   (no shield)
rNeg    + + +      Spirit   .   j - +0 chain mail
rPois   ∞          Reflect  .   f - +1 helmet
rElec   .          Harm     .   c - +2 cloak
rCorr   .          Rampage  .   i - +1 pair of gloves {Str+3}
Will    +....                   (no boots)
Stlth   ..........              (no amulet)
HPRegen 0.22/turn               g - ring of protection from cold
MPRegen 0.11/turn               b - +6 ring of dexterity

@: no status effects
A: cold resistance 1, negative energy resistance 3, torment resistance 2, heat
vulnerability 1, no potions
a: Renounce Religion, Potion Petition, Call Merchant, Bribe Branch


Innate Abilities, Weirdness & Mutations

You are immune to poison.
Your flesh is cold resistant. (rC+)
You are immune to negative energy. (rN+++)
You are immune to unholy pain and torment.
You are vulnerable to heat. (rF-)
You do not drink.


   Skills:
 + Level 7.8 Fighting
 * Level 9.2 Short Blades
 - Level 1.5 Throwing
 - Level 0.7 Dodging
 - Level 3.2 Stealth


You had 8 spell levels left.
You didn't know any spells.
Your spell library contained the following spells:

 Spells                   Type           Power      Damage    Failure   Level
 Shock                    Conj/Air       0%         1d3       99%         1
 Swiftness                Air            0%         N/A       100%        3
 Airstrike                Air            0%         N/A       100%        4

Skill      XL: |  1  2  3  4  5  6  7  8  9 |
---------------+----------------------------+-----
Short Blades   | 2 3 4 5 7 8 9 |  9.2
Fighting       | 3 4 6 7 |  7.8
Throwing       | |  1.5
Dodging        | |  0.7
Stealth        | |  3.2

Action                   |  1- 3 |  4- 6 |  7- 9 || total
-------------------------+-------+-------+-------++-------
Melee: Dagger            |   100 |       |       ||   100
       Rapier            |    33 |   211 |   346 ||   590
Throw: Dart              |     2 |    13 |    80 ||    95
Evoke: Wand              |       |     1 |    13 ||    14
  Use: Scroll            |       |       |    15 ||    15
 Stab: Sleeping          |     2 |       |       ||     2
       Distracted        |       |       |     1 ||     1
Armor: Ring mail         |    61 |     2 |       ||    63
       Chain mail        |       |   100 |   170 ||   270
Dodge: Dodged            |    61 |    59 |    80 ||   200

Inventory:

Hand Weapons
 a - a +2 rapier (weapon)
Missiles
 d - 40 poisoned darts (quivered)
 e - 2 curare-tipped darts
Armour
 c - a +2 cloak (worn)
 f - a +1 helmet (worn)
 i - a +1 pair of gloves of strength (worn)
 j - a +0 chain mail (worn)
Jewellery
 b - a +6 ring of dexterity (right hand)
 g - a ring of protection from cold (left hand)
Wands
 h - a wand of mindburst (21)
 k - a wand of polymorph (3)
 v - a wand of acid (3)
 w - a wand of flame (33)
Scrolls
 r - a scroll of identify
 t - a scroll of teleportation
 y - a scroll of magic mapping


You were on level 6 of the Dungeon.
You worshipped Gozag.
Gozag was pleased with you.
You visited 2 branches of the dungeon, and saw 7 of its levels.
You also visited: Ossuary.

You collected 700 gold pieces.
You paid 68 gold pieces to Gozag.

Dungeon Overview and Level Annotations

Branches:
Dungeon (6/15)             Temple (1/1) D:5         Ossuary (visited)

Altars:
Ashenzari
Cheibriados
Elyvilon
Fedhas
Gozag
Hepliaklqana
Kikubaaqudgha
Makhleb
Nemelex Xobeh
Qazlal
Ru
Trog
Vehumet
Wu Jian
Xom
Yredelemnul
Zin

### #..
#.# #.#
###D
##.##.....
#...o.#
#..##
#######
#..D# #
#.....#
#§#@#.#
#.....#
#.#.#.#
#.....#
#.....#
#.....#
##..###
#.....#
#.##
###.###
#.# #.#
##### #.#
#.###...#
#.#
#.......#
#.#
#####.#.##


You could see a steam dragon (catching breath).

Notes
Turn   | Place    | Note
-------+----------+-------------------------------------------
     0 | D:1      | theanonym the Mummy Brigand began the quest for the Orb.
     0 | D:1      | Reached XP level 1. HP: 16/16 MP: 1/1
   251 | D:1      | Reached skill level 2 in Short Blades
   313 | D:1      | Reached XP level 2. HP: 19/22 MP: 2/2
   940 | D:2      | Reached XP level 3. HP: 25/28 MP: 3/3
  1075 | D:2      | Found a faded altar of an unknown god.
  1793 | D:2      | Found a runed translucent door.
  1794 | D:2      | Noticed Crazy Yiuf
  1799 | D:2      | HP: 9/28 [Crazy Yiuf (13)]
  1802 | D:2      | Killed Crazy Yiuf
  1803 | D:2      | Reached skill level 3 in Fighting
  1803 | D:2      | Reached skill level 3 in Short Blades
  1803 | D:2      | Reached XP level 4. HP: 12/35 MP: 4/4
  2364 | D:3      | Reached XP level 5. HP: 28/41 MP: 5/5
  2580 | D:3      | Found a sparkling altar of Nemelex Xobeh.
  2784 | D:3      | HP: 18/41 [gnoll (7)]
  2795 | D:3      | Reached skill level 4 in Short Blades
  3688 | D:4      | Identified the -5 buckler of Savur {rF+}
  4111 | D:4      | Reached XP level 6. HP: 40/48 MP: 6/6
  4333 | D:5      | Entered Level 5 of the Dungeon
  4342 | D:4      | Reached skill level 4 in Fighting
  4394 | D:4      | HP: 22/48 [phantom (4)]
  4401 | D:4      | HP: 15/48 [phantom (1)]
  4405 | D:4      | Reached skill level 5 in Short Blades
  4625 | D:5      | HP: 24/49 [iguana (5)]
  4794 | D:5      | Found a staircase to the Ecumenical Temple.
  4804 | Temple   | Entered the Ecumenical Temple
  4923 | Temple   | Became a worshipper of Gozag Ym Sagoz the Greedy
  5072 | D:5      | Reached XP level 7. HP: 55/55 MP: 7/7
  5326 | D:5      | Noticed Ijyb
  5333 | D:5      | HP: 25/55 [Ijyb/bolt of acid (17)]
  5333 | D:5      | HP: 12/55 [acid (13)]
  5348 | D:5      | Killed Ijyb
  5643 | D:5      | Reached skill level 5 in Fighting
  5678 | D:5      | Noticed Menkaure
  5708 | D:5      | Killed Menkaure
  5709 | D:5      | Reached skill level 6 in Short Blades
  5911 | D:5      | Found a bloodstained altar of Trog.
  6019 | D:5      | HP: 28/56 [iguana (10)]
  6316 | D:5      | Noticed Pikel
  6506 | D:5      | Killed Pikel
  6507 | D:5      | Reached skill level 6 in Fighting
  6507 | D:5      | Reached skill level 7 in Short Blades
  6507 | D:5      | Reached XP level 8. HP: 35/64 MP: 8/8
  6679 | D:5      | Found a snail-covered altar of Cheibriados.
  6696 | D:5      | Noticed Sigmund
  6712 | D:5      | Killed Sigmund
  6928 | D:5      | Found a shimmering altar of Xom.
  7476 | D:6      | HP: 30/65 [wraith (8)]
  7480 | D:6      | HP: 6/65 [wraith (11)]
  7486 | D:6      | Reached skill level 8 in Short Blades
  7795 | D:6      | Found a sand-covered staircase.
  7800 | Ossuary  | Entered an ossuary
  8228 | Ossuary  | HP: 32/65 [wraith (3)]
  8236 | Ossuary  | HP: 15/65 [wraith (4)]
  8242 | Ossuary  | Reached skill level 7 in Fighting
  8242 | Ossuary  | Reached XP level 9. HP: 10/72 MP: 9/9
  8906 | D:6      | HP: 20/72 [ogre (22)]
  9341 | D:6      | Reached skill level 9 in Short Blades
  9632 | D:6      | HP: 18/73 [ogre (23)]
  9884 | D:6      | Identified a scroll of acquirement
  9885 | D:6      | Acquired a +1 pair of gloves of strength
  9941 | D:6      | HP: 20/74 [steam dragon/ball of steam (27)]
  9946 | D:6      | HP: 16/74 [steam dragon (5)]
  9948 | D:6      | Killed from afar by a steam dragon

Vanquished Creatures
  Pikel (D:5)
  Sigmund (D:5)
  2 wraiths
  Menkaure (D:5)
  A sky beast (D:6)
  A black bear (D:5)
  3 necrophages
  4 ogres
  A centaur (D:6)
  2 phantoms
  4 lemures (D:5)
  A kobold brigand (D:6)
  A scorpion (D:6)
  Crazy Yiuf (D:2)
  4 orc priests
  A gnoll shaman (D:5)
  3 iguanas (D:5)
  Ijyb (D:5)
  2 orc wizards (D:5)
  3 mummies (Ossuary)
  11 gnolls
  4 adders
  An ufetubus (D:6)
  An adder skeleton (D:4)
  A dart slug (D:2)
  18 orcs
  12 ball pythons
  8 bats
  5 endoplasms
  2 giant cockroaches
  A gnoll zombie (Ossuary)
  3 goblins
  4 hobgoblins
  5 jackals (D:3)
  5 quokkas
  6 frilled lizards
  3 goblin zombies (Ossuary)
  4 hobgoblin zombies (Ossuary)
  17 kobolds
  4 kobold zombies (Ossuary)
  2 orc zombies (Ossuary)
  5 rats
160 creatures vanquished.

Vanquished Creatures (others)
  6 fungi
6 creatures vanquished.

Grand Total: 166 creatures vanquished

Table legend: (Time is in decaauts)
 A = Elapsed time spent in this place.
 B = Non-inter-level travel time spent in this place.
 C = Inter-level travel time spent in this place.
 D = Time resting spent in this place.
 E = Time spent auto-exploring this place.
 F = Levels seen in this place.
 G = Mean time per level.
                   A        B        C        D        E       F      G
               +--------+--------+--------+--------+--------+-----+--------+
         Total |   9936 |   9634 |    302 |   3691 |   4356 |   8 | 1242.0 |
       Dungeon |   8904 |   8635 |    269 |   3282 |   3972 |   6 | 1484.0 |
        Temple |    131 |     98 |     33 |      0 |     96 |   1 |  131.0 |
       Ossuary |    901 |    901 |      0 |    408 |    288 |   1 |  901.0 |
               +--------+--------+--------+--------+--------+-----+--------+

Top non-repeatable levels by time:
     D:5: 2807 daAuts
     D:6: 1382 daAuts
     D:2: 1334 daAuts
     D:4: 1255 daAuts
     D:3: 1230 daAuts
 Ossuary: 901 daAuts
     D:1: 893 daAuts
  Temple: 131 daAuts
